 Dungeon Crawl Stone Soup version 0.19.4-8-ga85b6b9 (webtiles) character file.

7789 doot the Impaler (level 11, -7/85 (87) HPs)
             Began as a Merfolk Gladiator on Feb 10, 2017.
             Was a Priest of the Shining One.
             Mangled by a gargoyle
             ... wielding a +0 morningstar
              (18 damage)
             ... on level 10 of the Dungeon.
             The game lasted 00:48:10 (14176 turns).

doot the Impaler (Merfolk Gladiator)               Turns: 14176, Time: 00:48:11

HP:   -7/85 (87)    AC:  9    Str: 15    XL:     11   Next: 20%
MP:   11/11         EV: 17    Int: 11    God:    the Shining One [***...]
Gold: 507           SH:  0    Dex: 15    Spells: 0 memorised, 10 levels left

rFire  . . .     SeeInvis .     G - +3 spear (curse)
rCold  . . .     Gourm    .     b - +1 leather armour
rNeg   + . .     Faith    .     (no shield)
rPois  .         Spirit   .     (helmet restricted)
rElec  .         Reflect  .     n - +0 cloak
rCorr  .         Harm     .     (no gloves)
MR     .....                    y - +2 pair of boots
Stlth  +.........               (no amulet)
                                (no ring)
                                m - ring of flight

@: glowing
A: change form in water, swift swim, stealthy swim, horns 1, clever 1,
deterioration 1, weak 1
a: Divine Shield, Renounce Religion, Evoke Flight


You were on level 10 of the Dungeon.
You worshipped the Shining One.
The Shining One was most pleased with you.
You were not hungry.

You visited 2 branches of the dungeon, and saw 12 of its levels.

You collected 507 gold pieces.

Inventory:

Hand Weapons
 h - a +0 scythe
 k - a +1 trident
 s - a +1 trident of piercing
 x - a +0 blowgun
 G - a cursed +3 spear (weapon)
Missiles
 g - 78 poisoned needles
Armour
 b - a +1 leather armour (worn)
 c - a +0 helmet
 n - a +0 cloak (worn)
 y - a +2 pair of boots (worn)
Jewellery
 m - a ring of flight (left hand)
 E - an uncursed ring of fire
Wands
 j - a wand of heal wounds (3/9)
 w - a wand of flame (25/48)
Scrolls
 d - 2 scrolls of amnesia
 e - 8 scrolls of identify
 i - 5 scrolls of remove curse
 q - 3 scrolls of noise
 A - 3 scrolls of enchant weapon
 C - a scroll of immolation
 D - a scroll of enchant armour
Potions
 f - a potion of magic
 p - a potion of cancellation
 z - a potion of lignification
Books
 u - a book of Minor Magic

   Spells                             Type                      Level
   a - Magic Dart                     Conjuration                  1
   b - Blink                          Translocation                2
   c - Call Imp                       Summoning                    2
   d - Repel Missiles                 Charms/Air                   2
   e - Slow                           Hexes                        2
   f - Conjure Flame                  Conjuration/Fire             3
   g - Mephitic Cloud                 Conjuration/Poison/Air       3
Miscellaneous
 B - a box of beasts
Comestibles
 o - 7 meat rations
 t - 9 bread rations


   Skills:
 + Level 8.9 Fighting
 + Level 15.9 Polearms
 + Level 2.0 Throwing
 + Level 4.5 Armour
 + Level 8.8 Dodging
 + Level 5.2 Stealth
 + Level 0.2 Evocations


You had 10 spell levels left.
You didn't know any spells.

Dungeon Overview and Level Annotations

Branches:
Dungeon (11/15)            Temple (1/1) D:4            Lair (0/6) D:10
    Orc: D:9-12

Altars:
Ashenzari
Cheibriados
Dithmenos
Elyvilon
Fedhas
Gozag
Hepliaklqana
Kikubaaqudgha
Makhleb
Nemelex Xobeh
Okawaru
Qazlal
Ru
Sif Muna
Trog
Uskayaw
Vehumet
Xom
Yredelemnul
Zin
The Shining One


Innate Abilities, Weirdness & Mutations

You revert to your normal form in water.
You are very nimble and swift while swimming.
You are very stealthy in the water. (Stealth+)
You have a pair of small horns on your head.
Your mind is acute. (Int +2)
Your body sometimes deteriorates upon taking damage.
You are weak. (Str -2)


Message History

You start eating one of the 8 meat rations.
The gargoyle hurls a stone arrow at you.
Keep eating? [Y]es or [N]o only, please.
Keep eating? [Y]es or [N]o only, please.
Keep eating?
The stone arrow misses you.
You continue eating.
The gargoyle completely misses you.
You continue eating.
The gargoyle hurls a stone arrow at you.
The stone arrow hits you!
* * * LOW HITPOINT WARNING * * *
You finish eating.
That meat ration really hit the spot!
Okay, then.
As you read the scroll labeled UJAMOLENNY, it crumbles to dust.
You feel aware of your surroundings.
It was a scroll of magic mapping.
The gargoyle hits you with a morningstar!!
You die...

.# #..#.#9.#...#.....##.# .#
##..#.#..#...#.....##.# .#
#...#.#..#...#.....9..# .#
#...#.#..#...'......9.#
.#######..'.#..#####........#
.'.....#..#.#..#####........#
.#.....#..#.#......#........#
.#.....'..#.#..#9..#........#
.#.....#..#.#..#@..#........#
.#...#.#..#.#..#...#.##.....#
.#...#.#..#.#†.#...#.##..##.#
.#...#(#..#.#..#...#.##..##.#
.#...#.#..#.#..#...#.##..##.#
.#...#.#..#.#..#...#.....##.#
.#...#.'..#.#..#...#.....##.#
.#...#.#..#.#..#...#........#
.#...#.#..#.#..#,,,#........#


You could see a gargoyle.

Vanquished Creatures
  An ugly thing (D:10)
  Joseph (D:10)
  Maurice (D:8)
  A gargoyle (D:10)
  2 centaur skeletons (D:10)
  A komodo dragon (D:10)
  Prince Ribbit (D:6)
  A hippogriff (D:9)
  Sigmund (D:4)
  A spriggan (D:7)
  5 yaks (D:9)
  Eustachio (D:6)
  A wyvern (D:9)
  A hungry ghost (D:8)
  An orc warrior (D:9)
  2 phantoms
  2 sky beasts
  2 necrophages
  4 black bears
  An ice beast (D:10)
  3 ogres
  An eye of draining (D:8)
  A centaur (D:6)
  The ghost of PeterLawrence the Cudgeler, an amateur GrFi (D:3)
  6 bullfrogs
  2 big kobolds
  A water moccasin zombie (D:8)
  2 scorpions
  8 wights
  A howler monkey (D:7)
  6 crimson imps
  A bullfrog zombie (D:5)
  3 orc priests
  A hound (D:9)
  3 jellies
  3 iguanas
  A bullfrog skeleton (D:10)
  11 orc wizards
  Ijyb (D:2)
  7 worker ants
  4 gnolls (D:8)
  7 adders
  A shadow imp (D:6)
  An ooze (D:2)
  An adder zombie (D:10)
  6 worms
  3 dart slugs
  4 leopard geckos
  37 orcs
  3 ball pythons
  5 giant cockroaches
  7 goblins
  10 hobgoblins
  11 jackals
  3 quokkas
  6 bats
  4 frilled lizards
  10 kobolds
  A leopard gecko skeleton (D:7)
  A quokka skeleton (D:5)
  8 rats
  4 plants (D:10)
231 creatures vanquished.

Vanquished Creatures (others)
  A hungry ghost (D:10)
  4 plants (D:10)
5 creatures vanquished.

Grand Total: 236 creatures vanquished

Notes
Turn   | Place    | Note
-------+----------+-------------------------------------------
     0 | D:1      | doot the Merfolk Gladiator began the quest for the Orb.
     0 | D:1      | Reached XP level 1. HP: 16/16 MP: 1/1
    55 | D:1      | Reached skill level 5 in Polearms
    67 | D:1      | Reached XP level 2. HP: 7/22 MP: 2/2
   875 | D:1      | Reached XP level 3. HP: 27/27 MP: 3/3
   921 | D:2      | Reached skill level 6 in Polearms
  1335 | D:2      | Reached XP level 4. HP: 33/33 MP: 4/4
  1540 | D:3      | Reached skill level 7 in Polearms
  1751 | D:3      | Noticed Ijyb
  1754 | D:3      | Noticed PeterLawrence's ghost (amateur GrFi)
  1914 | D:3      | Reached skill level 8 in Polearms
  1914 | D:3      | Reached XP level 5. HP: 26/38 MP: 5/5
  1939 | D:2      | Killed Ijyb
  2596 | D:3      | Reached skill level 9 in Polearms
  2954 | D:4      | Reached XP level 6. HP: 35/44 MP: 6/6
  3576 | D:4      | Found a staircase to the Ecumenical Temple.
  3596 | Temple   | Entered the Ecumenical Temple
  3914 | Temple   | Became a worshipper of the Shining One
  3991 | D:4      | Reached skill level 10 in Polearms
  4523 | D:4      | Reached XP level 7. HP: 50/51 MP: 7/7
  4677 | D:5      | Entered Level 5 of the Dungeon
  5044 | D:4      | Reached skill level 1 in Stealth
  5311 | D:4      | Reached skill level 11 in Polearms
  5311 | D:4      | Reached skill level 1 in Armour
  5543 | D:4      | Reached * piety under the Shining One
  5693 | D:5      | Reached XP level 8. HP: 53/58 MP: 8/8
  5801 | D:5      | Noticed Sigmund
  5846 | D:5      | Gained mutation: You have a pair of small horns on your head. [potion of mutation]
  5846 | D:5      | Gained mutation: Your body sometimes deteriorates upon taking damage. [potion of mutation]
  6438 | D:6      | Noticed Prince Ribbit
  6870 | D:4      | Killed Sigmund
  6870 | D:4      | Reached skill level 5 in Dodging
  7176 | D:6      | Reached skill level 12 in Polearms
  7524 | D:6      | Noticed Eustachio
  7544 | D:6      | Killed Eustachio
  7789 | D:6      | Killed Prince Ribbit
  7789 | D:6      | Reached XP level 9. HP: 27/66 MP: 9/9
  8121 | D:7      | Reached skill level 13 in Polearms
  8421 | D:7      | Reached skill level 5 in Fighting
  8425 | D:7      | Gained mutation: Your muscles are strong. (Str +2) [mutagenic meat]
  8426 | D:7      | Lost mutation: Your muscles are strong. (Str +2) [mutagenic meat]
  8428 | D:7      | Gained mutation: Your mind is acute. (Int +2) [mutagenic meat]
  8807 | D:8      | Noticed Maurice
  9064 | D:8      | Reached skill level 14 in Polearms
  9086 | D:8      | Reached ** piety under the Shining One
  9646 | D:8      | Killed Maurice
  9646 | D:8      | Reached XP level 10. HP: 65/76 MP: 10/10
  9851 | D:9      | Reached skill level 15 in Polearms
 10450 | D:9      | Gained mutation: Armour fits poorly on your strangely shaped body. [mutagenic meat]
 10451 | D:9      | Lost mutation: Your body sometimes deteriorates upon taking damage. [mutagenic meat]
 10451 | D:9      | Lost mutation: Armour fits poorly on your strangely shaped body. [potion of mutation]
 10451 | D:9      | Gained mutation: You are weak. (Str -2) [potion of mutation]
 10814 | D:10     | Entered Level 10 of the Dungeon
 11050 | D:10     | Noticed a gargoyle
 11221 | D:10     | Reached skill level 5 in Stealth
 11249 | D:10     | Found a staircase to the Lair.
 11597 | D:10     | Noticed Joseph
 11621 | D:10     | Killed Joseph
 11621 | D:10     | Reached XP level 11. HP: 58/84 MP: 11/11
 12067 | D:11     | Reached *** piety under the Shining One
 12153 | D:10     | Noticed a green ugly thing
 12825 | D:11     | Noticed a cyan ugly thing
 13419 | D:3      | Killed PeterLawrence's ghost
 13830 | D:10     | Killed a cyan ugly thing
 13931 | D:10     | Gained mutation: Your body sometimes deteriorates upon taking damage. [mutagenic meat]
 14176 | D:10     | Mangled by a gargoyle

Skill      XL: |  1  2  3  4  5  6  7  8  9 10 |
---------------+-------------------------------+-----
Polearms       | 5 6 8 9 10 11 12 14 15 | 15.9
Stealth        | 1 3 4 5 |  5.2
Armour         | 1 3 4 |  4.5
Fighting       | 3 4 6 8 |  8.9
Dodging        | 5 7 8 |  8.8
Throwing       | |  2.0
Evocations     | |  0.2

Action                   |  1- 3 |  4- 6 |  7- 9 | 10-12 || total
-------------------------+-------+-------+-------+-------++-------
Melee: Trident           |   120 |   277 |   321 |   258 ||   976
       Tailslap          |       |    12 |     5 |       ||    17
       Scythe            |       |       |    15 |       ||    15
       Headbutt          |       |       |    27 |    93 ||   120
       Spear             |       |       |       |   183 ||   183
Throw: Throwing net      |       |       |     1 |       ||     1
 Abil: Evoke Flight      |       |       |       |     3 ||     3
  Use: Scroll            |       |       |    11 |     6 ||    17
       Potion            |       |       |    10 |     3 ||    13
 Stab: Sleeping          |     2 |     2 |     1 |     2 ||     7
       Distracted        |       |       |     2 |       ||     2
  Eat: Chunk             |     1 |    10 |    11 |    15 ||    37
       Bread ration      |       |       |     2 |       ||     2
       Meat ration       |       |       |       |     1 ||     1
       Royal jelly       |       |       |       |     1 ||     1
       Pizza             |       |       |       |     1 ||     1
Armor: Leather armour    |    16 |    29 |    36 |    26 ||   107
       Skin              |       |       |       |     2 ||     2
Dodge: Dodged            |    64 |   134 |   114 |   136 ||   448
